 Dungeon Sprint DCSS version 0.26-a0-690-gcb57259078 (webtiles) character file.

Game seed: 18248620874773592229

472701 mhtbhm the Swordmaster (level 21, -8/336 HPs)
             Began as a Minotaur Fighter on Oct 23, 2020.
             Was the Champion of Trog.
             Killed by a greater mummy's death curse (15 damage)
             ... in the Dungeon (Sprint IX: "|||||||||||||||||||||||||||||").
             The game lasted 00:25:03 (9316 turns).

mhtbhm the Swordmaster (Minotaur Fighter)           Turns: 9316, Time: 00:25:05

Health: -8/336     AC: 38    Str: 39    XL:     21   Next: 62%
Magic:  20/20      EV: 28    Int: 12    God:    Trog [******]
Gold:   962        SH: 35    Dex: 20    Spells: 20/20 levels left

rFire    + + .     SeeInvis .   p - +9 eudemon blade (holy)
rCold    + + +     Faith    .   c - +0 tower shield of Dithmenos's Favour {Int+3}
rNeg     . . .     Spirit   .   b - +10 gold dragon scales
rPois    +         Reflect  +   (helmet restricted)
rElec    .         Harm     .   v - +1 cloak {MR+}
rCorr    .         Rampage  .   n - +0 pair of gloves {archery}
MR       +++..     NoTele   +   o - +0 pair of boots
Stlth    ..........             J - amulet "Taibir" {Reflect MR+ Dex+2 SH+5}
HPRegen  0.66/turn              A - ring of the Ban {rPois rF+ Str+4 Dex+3 Stlth+}
MPRegen  0.17/turn              w - ring of Xiqi {rPois rC++ Str+3 Int+4 Dex+4}

@: berserking, slowed
A: retaliatory headbutt, horns 2, deformed body, strong 1
}: 7/17 runes: decaying, serpentine, barnacled, slimy, elven, silver, gossamer
a: Berserk, Trog's Hand, Brothers in Arms, Renounce Religion


You were in the Dungeon.
You worshipped Trog.
Trog was exalted by your worship.
You visited 1 branch You collected 1942 gold pieces.
You spent 980 gold pieces at shops.

Inventory:

Hand Weapons
 a - the +4 double sword "Yrhaag" {flame, rN+ Dex+7}
   (Trog gifted it to you in the Dungeon)

   It has been specially enchanted to burn those struck by it, causing extra
   injury to most foes and up to half again as much damage against particularly
   susceptible opponents.
   Big, fiery blades are also staple armaments of hydra-hunters.
   It affects your dexterity (+7).
   It protects you from negative energy.
 m - the +14 obsidian axe {vorpal, +Fly SInv *Curse}
   (Trog gifted it to you in the Dungeon)

   It inflicts extra damage upon your enemies.
   It lets you see invisible.
   It lets you fly.
   It curses itself when equipped.
 p - a +9 eudemon blade of holy wrath (weapon)
 x - the +3 quarterstaff "Atonaz" {vorpal, *Contam MR++ Str+3, unknown}
   (Trog gifted it to you in the Dungeon)

   It inflicts extra damage upon your enemies.
   It affects your strength (+3).
   It affects your resistance to hostile enchantments.
   It causes magical contamination when unequipped.
 z - a +9 antimagic double sword
Missiles
 f - 28 silver javelins (quivered)
 k - 13 javelins
 y - 6 curare-tipped darts
Armour
 b - +10 gold dragon scales (worn)
 c - the +0 tower shield of Dithmenos's Favour (worn) {Int+3}
   (You found it in the Dungeon)

   It affects your intelligence (+3).
 n - a +0 pair of gloves of archery (worn)
 o - a +0 pair of boots (worn)
 v - a +1 cloak of magic resistance (worn)
Jewellery
 w - the ring of Xiqi (right hand) {rPois rC++ Str+3 Int+4 Dex+4}
   (You found it in the Dungeon)

   [ring of strength]

   It affects your strength (+3).
   It affects your intelligence (+4).
   It affects your dexterity (+4).
   It greatly protects you from cold.
   It protects you from poison.
 A - the ring of the Ban (left hand) {rPois rF+ Str+4 Dex+3 Stlth+}
   (You found it in the Dungeon)

   [ring of dexterity]

   It affects your strength (+4).
   It affects your dexterity (+3).
   It protects you from fire.
   It protects you from poison.
   It makes you more stealthy.
 D - an uncursed ring of see invisible
 F - a +4 ring of slaying
 I - the ring "Tedyqug" {+Blink rC+ MR+}
   (You found it in the Dungeon)

   [ring of protection from magic]

   It protects you from cold.
   It affects your resistance to hostile enchantments.
   It lets you blink.
 J - the amulet "Taibir" (around neck) {Reflect MR+ Dex+2 SH+5}
   (You found it in the Dungeon)

   [amulet of reflection]

   It shields you and reflects attacks.
   It affects your dexterity (+2).
   It affects your resistance to hostile enchantments.
   It affects your SH (+5).
Wands
 H - a wand of random effects (18)
Scrolls
 l - 4 scrolls of remove curse
 u - 2 scrolls of enchant weapon
 E - 4 scrolls of fear
 M - 2 scrolls of fog
Potions
 d - 3 potions of might
 e - 4 potions of curing
 g - 8 potions of haste
 h - 9 potions of magic
 i - a potion of cancellation {unknown}
 j - a potion of ambrosia {unknown}
 q - 2 potions of flight
 r - 6 potions of berserk rage
 s - a potion of resistance
 t - 4 potions of stabbing
 L - 6 potions of heal wounds


   Skills:
 O Level 27 Fighting
 O Level 27 Long Blades
 + Level 23.1 Axes
 + Level 22.8 Staves
 O Level 27 Throwing
 O Level 27 Armour
 O Level 27 Dodging
 O Level 27 Stealth
 O Level 27 Shields
 + Level 21.3 Unarmed Combat
 O Level 27 Evocations


You had 20 spell levels left.
You didn't know any spells.
Your spell library was empty.

Dungeon Overview and Level Annotations

Branches:
Dungeon (1/1)

Altars:
Cheibriados
Dithmenos
Elyvilon
Fedhas
Gozag
Hepliaklqana
Kikubaaqudgha
Makhleb
Nemelex Xobeh
Okawaru
Qazlal
Ru
Sif Muna
Trog
Uskayaw
Vehumet
Wu Jian
Xom
Yredelemnul
Zin
The Shining One
Beogh
Jiyva
Lugonu

Shops:
D :!(=


Innate Abilities, Weirdness & Mutations

You reflexively headbutt those who attack you in melee.
You have a pair of horns on your head.
Armour fits poorly on your strangely shaped body.
Your muscles are strong. (Str +2)


Message History

The greater mummy mumbles some strange words.
The greater mummy casts a spell at you. Something smites you!
* * * LOW HITPOINT WARNING * * *
Unknown command.
You slice the greater mummy!!
The greater mummy convulses!
You headbutt the greater mummy, but do no damage.
The greater mummy is almost destroyed.
Unknown command.
You slice the greater mummy!!
The greater mummy convulses!
You feel the power of Trog in you as your rage grows.
You destroy the greater mummy!
Trog accepts your kill.
Trog appreciates your killing of a magic user.
The death scarab disappears in a puff of smoke!
Your Axes skill increases to level 23!
Your Unarmed Combat skill increases to level 21!
You feel extremely nervous for a moment...
Pain shoots through your body!
You die...

.▓.▓.▓.▓.▓.▓.▓.▓,*,*,*
.▓.▓)▓.▓.▓.▓.▓.▓.▓,*,*
.▓.▓.▓.▓.▓.▓.▓.▓.▓,*,*
.▓.▓)▓.▓.▓.▓.▓.▓(▓,*+*
.▓.▓[▓.▓)▓.▓.▓.▓M▓,*,*
!▓.▓)▓.▓.▓.▓.▓.▓§▓,*+*
.▓.▓)▓.▓.▓.▓'▓.▓M▓,*,*
!▓.▓)▓.▓†▓.▓)▓.▓.▓,*,*
.▓.▓.▓.▓)▓.▓.▓.▓@▓,*,*
.▓.▓)▓.▓[▓.▓.▓.▓'▓,*,*
.▓.▓.▓.▓.▓.▓)▓.▓)▓,*,*
.▓.▓)▓.▓.▓.▓.▓.▓.▓,*,*
[▓.▓.▓.▓.▓.▓.▓.▓.▓,*,*
[▓.▓[▓.▓)▓.▓.▓.▓.▓,*,*
[▓.▓)▓.▓)▓.▓)▓.▓.▓,*,*
[▓.▓)▓.▓)▓.▓)▓.▓.▓,*,*
[▓.▓.▓.▓.▓.▓)▓.▓.▓,*,*


You could see a greater mummy and a guardian mummy.

Vanquished Creatures
  the Royal Jelly (D)
  3 orbs of fire (D)
  Mara (D)
  Mennas (D)
  6 ancient liches (D)
  Sojobo (D)
  Boris (D)
  2 greater mummies (D)
  A shard shrike (D)
  Xtahua (D)
  Nikola (D)
  4 golden dragons (D)
  3 electric golems (D)
  28 Orb Guardians (D)
  Rupert (D)
  2 tentacled monstrosities (D)
  A deep elf blademaster (D)
  4 liches (D)
  3 deep elf master archers (D)
  2 quicksilver dragons (D)
  14 sphinxes (D)
  15 acid blobs (D)
  6 shadow dragons (D)
  7 storm dragons (D)
  A thorn hunter (D)
  6 death cobs (D)
  2 draconian monks (D)
  2 tengu reavers (D)
  6 azure jellies (D)
  Agnes (D)
  Ilsuiw (D)
  7 nagarajas (D)
  2 draconian knights (D)
  A fire giant (D)
  4 frost giants (D)
  A deep elf sorcerer (D)
  Louise (D)
  2 emperor scorpions (D)
  A vault warden (D)
  Aizul (D)
  4 draconian scorchers (D)
  6 ghost moths (D)
  2 draconian stormcallers (D)
  3 draconian shifters (D)
  A draconian annihilator (D)
  3 ironheart preservers (D)
  Nessos (D)
  2 very ugly things (D)
  7 stone giants (D)
  An entropy weaver (D)
  4 deep elf annihilators (D)
  3 green draconians (D)
  8 vampire knights (D)
  3 deep elf demonologists (D)
  A yellow draconian (D)
  A black draconian (D)
  A red draconian (D)
  3 ettins (D)
  A white draconian (D)
  2 merfolk impalers (D)
  2 merfolk javelineers (D)
  Snorg (D)
  5 mummy priests (D)
  8 death oozes (D)
  4 fire dragons (D)
  A crystal guardian (D)
  A deep elf high priest (D)
  3 yaktaur captains (D)
  5 ice dragons (D)
  2 boulder beetles (D)
  2 rakshasas (D)
  Harold (D)
  9 hydras (D)
  2 naga warriors (D)
  25 vault guards (D)
  3 spriggan air magi (D)
  A centaur warrior (D)
  2 merfolk aquamancers (D)
  A death knight (D)
  8 ogre magi (D)
  2 tengu warriors (D)
  A deep troll shaman (D)
  A deep troll earth mage (D)
  2 merfolk avatars (D)
  A shock serpent (D)
  2 iron trolls (D)
  2 sea snakes (D)
  A deep troll (D)
  A deep elf archer (D)
  6 swamp dragons (D)
  A flayed ghost (D)
  3 orc knights (D)
  3 harpies (D)
  A mana viper (D)
  An ironbrand convoker (D)
  An orb spider (D)
  4 wolf spiders (D)
  3 ugly things (D)
  2 cyclopes (D)
  A deep elf mage (D)
  2 manticores (D)
  10 moths of wrath (D)
  A merfolk siren (D)
  4 guardian serpents (D)
  3 black mambas (D)
  3 vault sentinels (D)
  2 naga magi (D)
  Psyche (D)
  5 cane toads (D)
  A rime drake (D)
  A freezing wraith (D)
  A komodo dragon (D)
  A kobold demonologist (D)
  2 yaktaurs (D)
  18 guardian mummies (D)
  2 hornets (D)
  3 jumping spiders (D)
  A merfolk (D)
  3 trolls (D)
  6 tyrant leeches (D)
  A polar bear (shapeshifter) (D)
  A blink frog (D)
  A snapping turtle (D)
  A redback (D)
  12 spriggans (D)
  3 tarantellas (D)
  2 wyverns (D)
  A yak (shapeshifter) (D)
  2 basilisks (D)
  5 yaks (D)
  A vampire mosquito (D)
  3 nagas (D)
  2 acid dragons (D)
  3 floating eyes (D)
  4 swamp drakes (D)
  12 orc warriors (D)
  2 ogres (D)
  A boggart (D)
  A necrophage (D)
  2 centaurs (D)
  3 bullfrogs (D)
  A killer bee (D)
  6 orc wizards (D)
  2 shadow imps (D)
  2 adder skeletons (D)
  3 worms (D)
  8 orcs (D)
  A bat zombie (D)
  A giant cockroach (D)
  3 goblins (D)
  2 jackals (D)
  A kobold (D)
  A leopard gecko zombie (D)
494 creatures vanquished.

Vanquished Creatures (collateral kills)
  An ettin (D)
  An ogre mage (D)
  A merfolk aquamancer (D)
  A deep troll (D)
  A wizard (D)
  A glowing orange brain (D)
  A troll (D)
7 creatures vanquished.

Vanquished Creatures (others)
  A deep elf blademaster (D)
  A merfolk javelineer (D)
  A merfolk impaler (D)
  A merfolk avatar (D)
4 creatures vanquished.

Grand Total: 505 creatures vanquished

Notes
Turn   | Place    | Note
-------+----------+-------------------------------------------
     0 | D        | mhtbhm the Minotaur Fighter began the quest for the Orb.
     0 | D        | Reached XP level 1. HP: 19/19 MP: 0/0
   119 | D        | Noticed a centaur
   127 | D        | Killed a centaur
   127 | D        | Reached XP level 2. HP: 25/31 MP: 1/1
   127 | D        | Reached XP level 3. HP: 31/38 MP: 2/2
   127 | D        | Reached XP level 4. HP: 36/45 MP: 3/3
   211 | D        | Found a roughly hewn altar of Beogh.
   211 | D        | Found a snail-covered altar of Cheibriados.
   211 | D        | Found a shadowy altar of Dithmenos.
   211 | D        | Found a white marble altar of Elyvilon.
   211 | D        | Found a blossoming altar of Fedhas.
   211 | D        | Found an opulent altar of Gozag.
   212 | D        | Found a hazy altar of Hepliaklqana.
   213 | D        | Found a viscous altar of Jiyva.
   214 | D        | Found an ancient bone altar of Kikubaaqudgha.
   215 | D        | Found a corrupted altar of Lugonu.
   216 | D        | Found a burning altar of Makhleb.
   217 | D        | Found a sparkling altar of Nemelex Xobeh.
   218 | D        | Found an iron altar of Okawaru.
   219 | D        | Found a stormy altar of Qazlal.
   220 | D        | Found a sacrificial altar of Ru.
   221 | D        | Found a shimmering blue altar of Sif Muna.
   222 | D        | Found a bloodstained altar of Trog.
   223 | D        | Found a hide-covered altar of Uskayaw.
   224 | D        | Found a radiant altar of Vehumet.
   225 | D        | Found an ornate altar of the Wu Jian Council.
   226 | D        | Found a shimmering altar of Xom.
   229 | D        | Found a basalt altar of Yredelemnul.
   230 | D        | Found a glowing silver altar of Zin.
   231 | D        | Found a glowing golden altar of the Shining One.
   232 | D        | Became a worshipper of Trog the Wrathful
   249 | D        | Got the +2 scimitar "Poazen Xupih" {drain, Dex+3 SInv
                  | Stlth-}
   285 | D        | Noticed a necrophage
   285 | D        | Noticed an ogre
   288 | D        | Killed an ogre
   288 | D        | Reached skill level 1 in Dodging
   288 | D        | Reached XP level 5. HP: 52/52 MP: 4/4
   290 | D        | Reached * piety under Trog
   295 | D        | Reached ** piety under Trog
   297 | D        | Killed a necrophage
   297 | D        | Reached XP level 6. HP: 61/61 MP: 5/5
   334 | D        | Noticed a troll
   334 | D        | Noticed an orc warrior
   334 | D        | Noticed a manticore
   340 | D        | Killed a manticore
   340 | D        | Reached skill level 10 in Long Blades
   340 | D        | Reached XP level 7. HP: 59/70 MP: 6/6
   344 | D        | Reached skill level 10 in Shields
   347 | D        | Reached skill level 10 in Armour
   351 | D        | Killed a troll
   351 | D        | Reached *** piety under Trog
   351 | D        | Reached skill level 10 in Fighting
   351 | D        | Reached XP level 8. HP: 79/79 MP: 7/7
   370 | D        | Noticed Harold
   380 | D        | Killed Harold
   380 | D        | Reached **** piety under Trog
   490 | D        | Noticed a six-headed hydra
   490 | D        | Noticed a komodo dragon
   490 | D        | Noticed a blink frog
   490 | D        | Noticed a seven-headed hydra
   496 | D        | Killed an 11-headed hydra
   496 | D        | Reached skill level 15 in Long Blades
   496 | D        | Reached skill level 5 in Dodging
   496 | D        | Reached XP level 9. HP: 89/89 MP: 8/8
   509 | D        | Killed a komodo dragon
   509 | D        | Reached ***** piety under Trog
   513 | D        | Killed a ten-headed hydra
   515 | D        | Reached XP level 10. HP: 88/99 MP: 9/9
   569 | D        | Noticed a black mamba
   572 | D        | Noticed a cane toad
   580 | D        | Killed a black mamba
   580 | D        | Received a gift from Trog
   581 | D        | Noticed a cane toad
   585 | D        | Reached skill level 1 in Stealth
   592 | D        | Killed a cane toad
   596 | D        | Reached ****** piety under Trog
   598 | D        | Killed a cane toad
   724 | D        | Received a gift from Trog
   940 | D        | Received a gift from Trog
   946 | D        | Noticed an orc knight
   968 | D        | Killed an orc knight
   968 | D        | Received a gift from Trog
   970 | D        | Reached XP level 11. HP: 111/111 MP: 10/10
  1038 | D        | Received a gift from Trog
  1055 | D        | Reached skill level 15 in Fighting
  1067 | D        | Received a gift from Trog
  1113 | D        | Found Alatin's Jewellery Boutique.
  1113 | D        | Noticed a stone giant
  1113 | D        | Noticed an ogre mage
  1113 | D        | Noticed an ogre mage
  1113 | D        | Noticed an iron troll
  1113 | D        | Noticed an iron troll
  1114 | D        | Noticed a deep troll
  1120 | D        | Killed an iron troll
  1121 | D        | Found Meruenudgh's Weapon Shop.
  1123 | D        | Killed an ogre mage
  1125 | D        | Received a gift from Trog
  1126 | D        | Found Naimmiech's Distillery.
  1130 | D        | Killed a stone giant
  1134 | D        | Killed an iron troll
  1135 | D        | Found Jehirphe's Book Shop.
  1135 | D        | Noticed an ogre mage
  1138 | D        | Killed an ogre mage
  1138 | D        | Noticed an ettin
  1142 | D        | Killed a deep troll
  1142 | D        | Received a gift from Trog
  1144 | D        | Noticed an ogre mage
  1145 | D        | Noticed a deep troll
  1149 | D        | Killed an ogre mage
  1149 | D        | Reached skill level 15 in Shields
  1152 | D        | HP: 3/117 [ettin/cursed -3 dire flail (32)]
  1158 | D        | Killed an ettin
  1159 | D        | Killed an ogre mage
  1160 | D        | Killed a deep troll
  1435 | D        | Got a translucent double sword {god gift}
  1436 | D        | Identified the +4 double sword "Yrhaag" {flame, rN+ Dex+7}
                  | (Trog gifted it to you in the Dungeon)
  1474 | D        | Bought an uncursed amulet of regeneration for 420 gold
                  | pieces
  1478 | D        | Bought a potion of berserk rage for 50 gold pieces
  1478 | D        | Bought a potion of berserk rage for 50 gold pieces
  1478 | D        | Bought a potion of berserk rage for 50 gold pieces
  1478 | D        | Bought a potion of invisibility for 80 gold pieces
  1478 | D        | Bought a potion of berserk rage for 50 gold pieces
  1482 | D        | Bought an uncursed ring of poison resistance for 280 gold
                  | pieces
  1602 | D        | Found the +6 lightning scales {run, rElec}
  1645 | D        | Noticed an eight-headed hydra
  1645 | D        | Noticed an eight-headed hydra
  1651 | D        | Killed a four-headed hydra
  1651 | D        | Reached XP level 12. HP: 119/127 MP: 11/11
  1654 | D        | Killed a six-headed hydra
  1656 | D        | Noticed a stone giant
  1664 | D        | Noticed a fire giant
  1666 | D        | Received a gift from Trog
  1666 | D        | Noticed a stone giant
  1672 | D        | Killed a stone giant
  1673 | D        | Noticed a rakshasa
  1679 | D        | Killed a fire giant
  1679 | D        | Noticed a tengu warrior
  1683 | D        | Noticed a rakshasa
  1684 | D        | Killed a stone giant
  1694 | D        | Killed a tengu warrior
  1695 | D        | Reached skill level 15 in Armour
  1704 | D        | Killed a rakshasa
  1711 | D        | Received a gift from Trog
  1717 | D        | Killed a rakshasa
  1870 | D        | Noticed Psyche
  1877 | D        | Killed Psyche
  1883 | D        | Noticed Agnes
  1892 | D        | Killed Agnes
  1892 | D        | Reached skill level 1 in Evocations
  2004 | D        | Noticed an entropy weaver
  2005 | D        | Noticed an emperor scorpion
  2020 | D        | Killed an entropy weaver
  2028 | D        | Received a gift from Trog
  2035 | D        | Killed a ghost moth
  2035 | D        | Reached XP level 13. HP: 76/139 MP: 0/12
  2054 | D        | Killed an emperor scorpion
  2202 | D        | Received a gift from Trog
  2216 | D        | Received a gift from Trog
  2287 | D        | Received a gift from Trog
  2310 | D        | Received a gift from Trog
  2370 | D        | Noticed a thorn hunter
  2385 | D        | Killed a thorn hunter
  2389 | D        | Received a gift from Trog
  2477 | D        | Noticed Snorg
  2478 | D        | Noticed Rupert
  2495 | D        | Killed Rupert
  2498 | D        | Killed Snorg
  2498 | D        | Received a gift from Trog
  2558 | D        | Noticed an ettin
  2558 | D        | Noticed a frost giant
  2558 | D        | Noticed a stone giant
  2558 | D        | Noticed a frost giant
  2563 | D        | Killed a frost giant
  2568 | D        | Killed a stone giant
  2573 | D        | Killed a frost giant
  2573 | D        | Reached XP level 14. HP: 154/154 MP: 13/13
  2575 | D        | Noticed a frost giant
  2579 | D        | Received a gift from Trog
  2584 | D        | Noticed a sphinx
  2594 | D        | Killed a frost giant
  2594 | D        | Received a gift from Trog
  2753 | D        | Paralysed by a sphinx for 5 turns
  2764 | D        | Killed a sphinx
  2810 | D        | Received a gift from Trog
  2970 | D        | Received a gift from Trog
  3029 | D        | Noticed an ironheart preserver
  3038 | D        | Killed an ironheart preserver
  3046 | D        | Received a gift from Trog
  3056 | D        | Noticed a sphinx
  3062 | D        | Noticed a frost giant
  3078 | D        | Received a gift from Trog
  3086 | D        | Killed a sphinx
  3098 | D        | Killed a frost giant
  3098 | D        | Received a gift from Trog
  3107 | D        | Reached skill level 1 in Throwing
  3107 | D        | Noticed an ironheart preserver
  3111 | D        | Noticed a stone giant
  3120 | D        | Killed an ironheart preserver
  3120 | D        | Received a gift from Trog
  3120 | D        | Reached skill level 5 in Stealth
  3123 | D        | Killed a stone giant
  3293 | D        | Noticed Louise
  3303 | D        | Killed Louise
  3334 | D        | Noticed a tengu reaver
  3337 | D        | Noticed Sojobo
  3340 | D        | Noticed a tengu reaver
  3345 | D        | Killed a tengu reaver
  3370 | D        | Killed Sojobo
  3370 | D        | Reached XP level 15. HP: 65/168 MP: 14/14
  3383 | D        | Killed a tengu reaver
  3383 | D        | Received a gift from Trog
  3606 | D        | Got the +0 tower shield of Dithmenos's Favour {Int+3}
  3706 | D        | Noticed Xtahua
  3706 | D        | Paralysed by Xtahua for 7 turns
  3722 | D        | Paralysed by Xtahua for 4 turns
  3728 | D        | Killed Xtahua
  3966 | D        | Received a gift from Trog
  3994 | D        | Got a decaying rune of Zot
  4015 | D        | Noticed Ilsuiw
  4016 | D        | Received a gift from Trog
  4036 | D        | Killed Ilsuiw
  4052 | D        | Received a gift from Trog
  4065 | D        | Reached skill level 27 in Long Blades
  4076 | D        | Got a barnacled rune of Zot
  4233 | D        | Noticed a nagaraja
  4233 | D        | Noticed a nagaraja
  4233 | D        | Noticed a nagaraja
  4234 | D        | Noticed a nagaraja
  4242 | D        | Killed a nagaraja
  4242 | D        | Received a gift from Trog
  4244 | D        | Killed a nagaraja
  4250 | D        | Noticed a nagaraja
  4261 | D        | Killed a nagaraja
  4263 | D        | Killed a nagaraja
  4263 | D        | Received a gift from Trog
  4263 | D        | Reached skill level 27 in Fighting
  4265 | D        | Noticed a nagaraja
  4266 | D        | Killed a nagaraja
  4277 | D        | Received a gift from Trog
  4281 | D        | Killed a nagaraja
  4297 | D        | Noticed a nagaraja
  4310 | D        | Killed a nagaraja
  4314 | D        | Got a serpentine rune of Zot
  4332 | D        | Killed a ghost moth
  4332 | D        | Received a gift from Trog
  4346 | D        | Killed a ghost moth
  4346 | D        | Reached XP level 16. HP: 183/183 MP: 0/15
  4355 | D        | Reached skill level 27 in Shields
  4356 | D        | Reached skill level 10 in Stealth
  4406 | D        | Received a gift from Trog
  4431 | D        | Got a gossamer rune of Zot
  4558 | D        | Noticed Nessos
  4567 | D        | Killed Nessos
  4649 | D        | Received a gift from Trog
  4675 | D        | Received a gift from Trog
  4676 | D        | Found the +14 obsidian axe {vorpal, +Fly SInv *Curse}
  4723 | D        | Received a gift from Trog
  4751 | D        | Received a gift from Trog
  4792 | D        | Got a translucent scimitar {god gift}
  4806 | D        | Got a shimmering scimitar {god gift}
  4807 | D        | Identified the +2 scimitar of Aro Uwirgh {flame, rF+} (Trog
                  | gifted it to you in the Dungeon)
  4808 | D        | Identified the +1 scimitar of Xunaol {vorpal, rF- rN+ MR+
                  | Dex+4} (Trog gifted it to you in the Dungeon)
  4918 | D        | Noticed an ancient lich
  4919 | D        | Reached skill level 15 in Stealth
  4928 | D        | Reached skill level 5 in Throwing
  4934 | D        | Killed an ancient lich
  4934 | D        | Received a gift from Trog
  4935 | D        | Noticed a shadow dragon
  4938 | D        | Noticed a shadow dragon
  4946 | D        | Noticed a storm dragon
  4951 | D        | Received a gift from Trog
  4955 | D        | Reached skill level 10 in Throwing
  4964 | D        | Killed a shadow dragon
  4964 | D        | Reached skill level 10 in Dodging
  4971 | D        | Killed a shadow dragon
  4976 | D        | Killed a storm dragon
  4985 | D        | Noticed a deep elf master archer
  4985 | D        | Noticed a lich
  4986 | D        | Received a gift from Trog
  4993 | D        | Killed a deep elf master archer
  4993 | D        | Reached XP level 17. HP: 141/191 MP: 16/16
  5001 | D        | Killed a lich
  5005 | D        | Received a gift from Trog
  5038 | D        | Got an ichor-stained falchion {god gift}
  5039 | D        | Identified the +1 falchion of the Beast {vorpal, rElec
                  | Str+4 Int+2} (Trog gifted it to you in the Dungeon)
  5084 | D        | Noticed an ancient lich
  5084 | D        | Noticed a lich
  5094 | D        | Reached skill level 27 in Armour
  5099 | D        | Killed an ancient lich
  5103 | D        | Noticed a quicksilver dragon
  5106 | D        | Killed a lich
  5106 | D        | Received a gift from Trog
  5119 | D        | Killed a quicksilver dragon
  5122 | D        | Got a silver rune of Zot
  5214 | D        | Noticed Mara
  5215 | D        | Noticed Boris
  5223 | D        | Noticed mhtbhm's illusion
  5223 | D        | Killed Boris
  5260 | D        | Noticed mhtbhm's illusion
  5281 | D        | Killed Mara
  5281 | D        | Received a gift from Trog
  5325 | D        | Noticed Mennas
  5375 | D        | Killed Mennas
  5538 | D        | Got the ring of Xiqi {rPois rC++ Str+3 Int+4 Dex+4}
  5540 | D        | Got the ring of the Ban {rPois rF+ Str+4 Dex+3 Stlth+}
  5542 | D        | Got the ring "Tedyqug" {+Blink rC+ MR+}
  5544 | D        | Got the amulet "Taibir" {Reflect MR+ Dex+2 SH+5}
  5546 | D        | Got the ring of Gyunadoe {*Corrode +Blink rElec Dex+3
                  | Stlth+}
  5602 | D        | Got the +0 gold dragon scales "Montiluz" {rPois rF+ rC+
                  | rCorr}
  5640 | D        | Gained mutation: Armour fits poorly on your strangely
                  | shaped body. [potion of mutation]
  5640 | D        | Gained mutation: Your muscles are strong. (Str +2) [potion
                  | of mutation]
  5697 | D        | Noticed Nikola
  5705 | D        | Noticed Aizul
  5711 | D        | Killed Nikola
  5718 | D        | Killed Aizul
  5886 | D        | Noticed a lich
  5888 | D        | Killed a lich
  5888 | D        | Received a gift from Trog
  5893 | D        | Reached skill level 5 in Evocations
  5898 | D        | Received a gift from Trog
  6019 | D        | Received a gift from Trog
  6031 | D        | Reached XP level 18. HP: 200/200 MP: 17/17
  6116 | D        | Received a gift from Trog
  6118 | D        | Reached skill level 10 in Evocations
  6127 | D        | Received a gift from Trog
  6211 | D        | Noticed a golden dragon
  6213 | D        | Noticed a tentacled monstrosity
  6216 | D        | Reached skill level 15 in Dodging
  6222 | D        | Received a gift from Trog
  6225 | D        | Killed a golden dragon
  6225 | D        | Reached skill level 27 in Throwing
  6231 | D        | Killed a tentacled monstrosity
  6360 | D        | Noticed a golden dragon
  6370 | D        | Received a gift from Trog
  6380 | D        | Killed a golden dragon
  6380 | D        | Reached skill level 15 in Evocations
  6462 | D        | Noticed a golden dragon
  6463 | D        | Received a gift from Trog
  6484 | D        | Killed a golden dragon
  6491 | D        | Received a gift from Trog
  6732 | D        | Noticed an Orb Guardian
  6732 | D        | Noticed an Orb Guardian
  6732 | D        | Noticed an Orb Guardian
  6732 | D        | Noticed an Orb Guardian
  6732 | D        | Noticed an Orb Guardian
  6732 | D        | Noticed an Orb Guardian
  6739 | D        | Killed an Orb Guardian
  6746 | D        | Killed an Orb Guardian
  6750 | D        | Killed an Orb Guardian
  6761 | D        | Killed an Orb Guardian
  6764 | D        | Killed an Orb Guardian
  6764 | D        | Noticed an Orb Guardian
  6775 | D        | Killed an Orb Guardian
  6778 | D        | Killed an Orb Guardian
  6778 | D        | Received a gift from Trog
  6780 | D        | Noticed an Orb Guardian
  6781 | D        | Noticed an Orb Guardian
  6782 | D        | Noticed an Orb Guardian
  6784 | D        | Killed an Orb Guardian
  6784 | D        | Reached XP level 19. HP: 200/207 MP: 18/18
  6807 | D        | Received a gift from Trog
  6863 | D        | Noticed an ancient lich
  6870 | D        | Killed an ancient lich
  7017 | D        | Noticed an orb of fire
  7024 | D        | Killed an orb of fire
  7058 | D        | Noticed an electric golem
  7064 | D        | Killed an electric golem
  7064 | D        | Received a gift from Trog
  7143 | D        | Noticed a golden dragon
  7143 | D        | Noticed an ancient lich
  7144 | D        | Noticed an orb of fire
  7147 | D        | Noticed an electric golem
  7148 | D        | Killed a golden dragon
  7150 | D        | Received a gift from Trog
  7151 | D        | Noticed an orb of fire
  7151 | D        | Killed an ancient lich
  7154 | D        | Noticed an ancient lich
  7157 | D        | Killed an orb of fire
  7157 | D        | Killed an electric golem
  7158 | D        | Killed an orb of fire
  7158 | D        | Received a gift from Trog
  7163 | D        | Killed an ancient lich
  7163 | D        | Reached skill level 27 in Evocations
  7164 | D        | Noticed a Killer Klown
  7166 | D        | Noticed a shard shrike
  7166 | D        | a Killer Klown changed into a shard shrike
  7166 | D        | Noticed an electric golem
  7169 | D        | Killed a shard shrike
  7169 | D        | Reached XP level 20. HP: 193/216 MP: 19/19
  7169 | D        | Received a gift from Trog
  7337 | D        | Got a fading quarterstaff {god gift}
  7395 | D        | Received a gift from Trog
  7401 | D        | Reached skill level 27 in Stealth
  7528 | D        | Noticed an ancient lich
  7534 | D        | Received a gift from Trog
  7538 | D        | Killed an ancient lich
  7547 | D        | Received a gift from Trog
  7556 | D        | Reached skill level 27 in Dodging
  7559 | D        | Received a gift from Trog
  7601 | D        | Reached skill level 5 in Axes
  7601 | D        | Reached skill level 5 in Staves
  7608 | D        | Received a gift from Trog
  7610 | D        | Reached skill level 5 in Unarmed Combat
  7640 | D        | Received a gift from Trog
  7647 | D        | Reached skill level 10 in Axes
  7649 | D        | Reached skill level 10 in Staves
  7654 | D        | Received a gift from Trog
  7654 | D        | Reached skill level 10 in Unarmed Combat
  7668 | D        | Received a gift from Trog
  7672 | D        | Received a gift from Trog
  7674 | D        | Got an elven rune of Zot
  7710 | D        | Received a gift from Trog
  7715 | D        | Noticed the Royal Jelly
  7720 | D        | Reached skill level 15 in Axes
  7720 | D        | Reached skill level 15 in Staves
  7724 | D        | Killed the Royal Jelly
  7724 | D        | Reached skill level 15 in Unarmed Combat
  7724 | D        | Reached XP level 21. HP: 224/224 MP: 20/20
  7745 | D        | Received a gift from Trog
  7745 | D        | Paralysed by a floating eye for 3 turns
  7780 | D        | Got a slimy rune of Zot
  8212 | D        | Received a gift from Trog
  8214 | D        | Received a gift from Trog
  8221 | D        | Received a gift from Trog
  8238 | D        | Received a gift from Trog
  8373 | D        | Received a gift from Trog
  8772 | D        | Received a gift from Trog
  9301 | D        | Noticed a greater mummy
  9301 | D        | Noticed a greater mummy
  9302 | D        | Received a gift from Trog
  9304 | D        | Noticed a greater mummy
  9313 | D        | Killed a greater mummy
  9314 | D        | HP: 7/336 [greater mummy/divine providence (14)]
  9316 | D        | Killed a greater mummy
  9316 | D        | Killed by a greater mummy's death curse

Illustrated notes

Levels and vault maps discovered:
D:        linesprint [early_d, line_temple, items_1, d_10, items_2, lair_1,
          lair_end, items_3, orc_1, orc_end, items_4, d_15, swamp_1, shoals_1,
          snake_1, spider_1, d_20, vaults_1, items_5, swamp_end, shoals_end,
          snake_end, spider_end, vaults_end, d_27, items_6, zot_1, zot_end,
          crypt_end, forest_end, elf_end, slime_end, tomb_end, abyss_end,
          pan_hell_end]

Skill      XL: |  1  2  3  4  5  6  7  8  9 10 11 12 13 14 15 16 17 18 19 20 21 |
---------------+----------------------------------------------------------------+-----
Fighting       | 6 7 8 9 10 11 12 14 17 20 22 24 27 | 27.0
Armour         | 6 7 8 9 10 11 13 14 15 17 19 20 26 27 | 27.0
Shields        | 6 8 9 10 11 12 13 15 17 20 23 26 27 | 27.0
Long Blades    | 4 6 7 10 12 15 16 18 20 22 23 26 27 | 27.0
Dodging        | 1 2 3 5 6 7 8 10 14 18 21 27 | 27.0
Stealth        | 1 2 3 5 9 15 23 27 | 27.0
Evocations     | 1 3 8 22 27 | 27.0
Throwing       | 2 13 25 27 | 27.0
Axes           | 17 23 | 23.1
Staves         | 17 22 | 22.8
Unarmed Combat | 15 21 | 21.3

Action                   |  1- 3 |  4- 6 |  7- 9 | 10-12 | 13-15 | 16-18 | 19-21 || total
-------------------------+-------+-------+-------+-------+-------+-------+-------++-------
Melee: Long sword        |    15 |     5 |       |       |       |       |       ||    20
       Scimitar          |       |    14 |    40 |   135 |       |       |       ||   189
       Headbutt          |       |     4 |    10 |    66 |   131 |   187 |    94 ||   492
       Demon blade       |       |       |       |    30 |       |       |       ||    30
       Double sword      |       |       |       |    94 |   451 |   478 |   102 ||  1125
       Eudemon blade     |       |       |       |       |       |       |   146 ||   146
Throw: Dart              |       |       |       |       |     1 |       |       ||     1
       Javelin           |       |       |       |       |     1 |    32 |    48 ||    81
Invok: Berserk           |       |       |     2 |     5 |    11 |     6 |     4 ||    28
       Brothers in Arms  |       |       |       |     1 |     3 |     1 |       ||     5
Evoke: Wand              |       |       |       |     3 |     7 |       |       ||    10
  Use: Potion            |     1 |     1 |       |     2 |     6 |     2 |       ||    12
       Scroll            |       |       |       |     1 |     2 |    21 |     4 ||    28
 Stab: Confused          |       |       |       |       |     2 |       |       ||     2
       Invisible         |       |       |       |       |     6 |       |       ||     6
Armor: Scale mail        |     4 |     3 |     1 |       |       |       |       ||     8
       Plate armour      |       |       |    10 |    72 |   171 |    69 |       ||   322
       Gold dragon scale |       |       |       |       |       |    18 |    27 ||    45
Dodge: Dodged            |     5 |     6 |    14 |    64 |   114 |   112 |    57 ||   372
Block: Kite shield       |     7 |    10 |    17 |   108 |   152 |       |       ||   294
       Tower shield      |       |       |       |       |   154 |   350 |   189 ||   693
       Reflection        |       |       |       |       |       |     1 |     6 ||     7
       Rpst.: Long sword |     4 |     1 |       |       |       |       |       ||     5
       Scimitar          |       |       |     5 |     6 |       |       |       ||    11
       Demon blade       |       |       |       |     2 |       |       |       ||     2
       Double sword      |       |       |       |     4 |    17 |    16 |     3 ||    40
       Eudemon blade     |       |       |       |       |       |       |     4 ||     4

Table legend: (Time is in decaauts)
 A = Elapsed time spent in this place.
 B = Non-inter-level travel time spent in this place.
 C = Inter-level travel time spent in this place.
 D = Time resting spent in this place.
 E = Time spent auto-exploring this place.
 F = Levels seen in this place.
 G = Mean time per level.
                   A        B        C        D        E       F      G
               +--------+--------+--------+--------+--------+-----+--------+
         Total |   9142 |   9142 |      0 |   4126 |   1178 |   1 | 9142.0 |
       Dungeon |   9142 |   9142 |      0 |   4126 |   1178 |   1 | 9142.0 |
               +--------+--------+--------+--------+--------+-----+--------+

Top non-repeatable levels by time:
       D: 9142 daAuts
